 Dungeon Crawl Stone Soup version 0.21.1-1-g345015f (webtiles) character file.

597 bobthegiant the Ruffian (level 7, -1/62 HPs)
             Began as a Ghoul Monk on Feb 22, 2018.
             Was a Believer of Okawaru.
             Slain by anp's ghost (19 damage)
             ... on level 5 of the Dungeon.
             The game lasted 00:14:33 (4367 turns).

bobthegiant the Ruffian (Ghoul Monk)                Turns: 4367, Time: 00:14:34

Health: -1/62      AC:  9    Str: 15    XL:     7   Next: 40%
Magic:  3/6        EV: 12    Int:  7    God:    Okawaru [**....]
Gold:   205        SH:  0    Dex: 11    Spells: 6/6 levels left

rFire    . . .     SeeInvis .     - Unarmed
rCold    + + .     Gourm    .   (no shield)
rNeg     + + +     Faith    .   n - +2 scale mail {rC+}
rPois    ∞         Spirit   .   (no helmet)
rElec    .         Reflect  .   (no cloak)
rCorr    .         Harm     .   (no gloves)
MR       .....                  (no boots)
Stlth    ++........             (no amulet)
HPRegen  0.00/turn              (no ring)
MPRegen  0.10/turn              (no ring)

@: heroism, rotting
A: rotting body, claws 1, carnivore, cold resistance 1, negative energy
resistance 3, inhibited regeneration, torment resistance, unbreathing
a: Heroism, Renounce Religion


You were on level 5 of the Dungeon.
You worshipped Okawaru.
Okawaru was pleased with you.
You were not hungry.

You visited 1 branch of the dungeon, and saw 5 of its levels.

You collected 205 gold pieces.

Inventory:

Hand Weapons
 b - a +0 hunting sling
Missiles
 d - 176 stones (quivered)
 m - 46 sling bullets
Armour
 a - a +0 robe
 n - a +2 scale mail of cold resistance (worn)
 q - a +0 ring mail
Jewellery
 j - an uncursed ring of resist corrosion
 v - the amulet of Ynielo {Reflect rElec Str-3 Int+5 SH+4}
   (You found it on level 4 of the Dungeon)

   [amulet of reflection]

   It shields you and reflects attacks.
   It affects your strength (-3).
   It affects your intelligence (+5).
   It insulates you from electricity.
   It affects your SH (+4).
Wands
 o - a wand of flame (24)
 t - a wand of enslavement (16)
Scrolls
 e - a scroll of remove curse
 g - a scroll of identify
 l - a scroll of teleportation
 w - a scroll of fear {unknown}
 x - a scroll of immolation {unknown}
 y - a scroll of amnesia {unknown}
Potions
 c - 2 potions of flight {unknown}
 f - 5 potions of curing
 h - 2 potions of brilliance {unknown}
 k - a potion of might {unknown}
 p - a potion of lignification {unknown}
 r - a potion of agility {unknown}
Comestibles
 i - 8 rations
 u - 2 chunks of flesh


   Skills:
 + Level 5.8(10.8) Fighting
 + Level 2.8(7.8) Dodging
 - Level 2.1(7.1) Stealth
 * Level 7.6(12.6) Unarmed Combat
 + Level 0.4 Invocations


You had 6 spell levels left.
You didn't know any spells.

Dungeon Overview and Level Annotations

Branches:
Dungeon (5/15)             Temple (0/1) D:5

Altars:
Okawaru
Vehumet

Annotations:
D:5 anp's ghost, novice TrTm


Innate Abilities, Weirdness & Mutations

Your body is rotting away.
You thrive on raw meat.
You are immune to poison.
You have sharp fingernails.
You are carnivorous and can eat meat at any time.
Your flesh is cold resistant. (rC+)
You are immune to negative energy. (rN+++)
You do not regenerate when monsters are visible.
You are immune to unholy pain and torment.
You can survive without breathing.


Message History

Anp's ghost is heavily damaged.
You scratch anp's ghost.
Anp's ghost is heavily damaged.
Anp's ghost hits you.
* * * LOW HITPOINT WARNING * * *
You scratch anp's ghost.
Anp's ghost is heavily damaged.
Anp's ghost misses you.
You claw anp's ghost!
Anp's ghost is severely damaged.
Anp's ghost barely misses you.
You scratch anp's ghost.
Anp's ghost is severely damaged.
Anp's ghost hits you but does no damage.
You claw anp's ghost!
Anp's ghost is almost destroyed.
Anp's ghost closely misses you.
You gain the combat prowess of a mighty hero.
Anp's ghost hits you!!
You die...

#.. #.. ###.### ..#..$
.........#.#..# ..
.....#.#..# #
#.......#.#..# # #.
..%../..sW@.####.#
...##.#....#.##.#....#
#s...s.. ... #...######
#.....$##s####........##
#.....<...#............#
#.......#.##.#.........#
...W....%#.##............
#........#......÷......#
#.>....#.#####.........#


You could see a scorpion, anp's ghost and a giant cockroach.

Vanquished Creatures
  Menkaure (D:4)
  An ogre (D:4)
  2 hounds
  A jelly (D:4)
  Jessica (D:3)
  A centaur skeleton (D:4)
  An iguana (D:5)
  4 worker ants (D:4)
  5 adders
  An ooze (D:2)
  An adder skeleton (D:4)
  2 worms
  A dart slug (D:1)
  4 leopard geckos
  An orc (D:3)
  6 bats
  A giant cockroach (D:1)
  4 goblins
  7 hobgoblins
  8 jackals
  7 kobolds
  A quokka (D:2)
  5 frilled lizards
  8 rats
74 creatures vanquished.

Notes
Turn   | Place    | Note
-------+----------+-------------------------------------------
     0 | D:1      | bobthegiant the Ghoul Monk began the quest for the Orb.
     0 | D:1      | Reached XP level 1. HP: 19/19 MP: 0/0
     0 | D:1      | You fall through a shaft!
    38 | D:2      | Reached XP level 2. HP: 24/26 MP: 1/1
   333 | D:2      | Reached skill level 4 in Unarmed Combat
   333 | D:2      | Reached XP level 3. HP: 28/33 MP: 2/2
   735 | D:2      | Reached XP level 4. HP: 34/40 MP: 3/3
  1153 | D:1      | You fall through a shaft!
  1249 | D:1      | Reached skill level 5 in Unarmed Combat
  2049 | D:3      | Found a faded altar of an unknown god.
  2215 | D:3      | Found a radiant altar of Vehumet.
  2283 | D:3      | Noticed Jessica
  2301 | D:3      | Killed Jessica
  2301 | D:3      | Reached XP level 5. HP: 37/47 MP: 4/4
  3145 | D:4      | Noticed a phantom
  3153 | D:4      | Noticed an ogre
  3176 | D:5      | Entered Level 5 of the Dungeon
  3176 | D:5      | Noticed anp's ghost (novice TrTm)
  3469 | D:4      | Reached skill level 6 in Unarmed Combat
  3683 | D:4      | Reached XP level 6. HP: 50/54 MP: 5/5
  3723 | D:4      | Noticed Menkaure
  3731 | D:4      | Killed Menkaure
  3731 | D:4      | Reached skill level 5 in Fighting
  3963 | D:4      | Reached skill level 7 in Unarmed Combat
  3963 | D:4      | Reached XP level 7. HP: 46/61 MP: 6/6
  4077 | D:4      | Got a wavering jade amulet
  4082 | D:4      | Identified the amulet of Ynielo {Reflect rElec Str-3 Int+5 SH+4} (You found it on level 4 of the Dungeon)
  4134 | D:4      | Found an iron altar of Okawaru.
  4142 | D:4      | Became a worshipper of Warmaster Okawaru
  4142 | D:4      | Reached * piety under Okawaru
  4142 | D:4      | Reached ** piety under Okawaru
  4312 | D:5      | Found a staircase to the Ecumenical Temple.
  4367 | D:5      | Slain by anp's ghost

Skill      XL: |  1  2  3  4  5  6 |
---------------+-------------------+-----
Unarmed Combat | 4 5 6 7 |  7.6
Fighting       | 4 5 |  5.8
Dodging        | |  2.8
Stealth        | |  2.1
Invocations    | |  0.4

Action                   |  1- 3 |  4- 6 |  7- 9 || total
-------------------------+-------+-------+-------++-------
Melee: Unarmed           |    66 |   192 |    37 ||   295
       Punch             |     2 |     5 |       ||     7
 Fire: Hunting sling     |       |    10 |       ||    10
Throw: Stone             |       |     4 |       ||     4
Invok: Heroism           |       |       |     2 ||     2
  Use: Scroll            |       |     5 |       ||     5
       Potion            |       |       |     1 ||     1
 Stab: Sleeping          |     1 |     3 |       ||     4
  Eat: Chunk             |     5 |    12 |     2 ||    19
Armor: Robe              |     8 |    16 |       ||    24
       Ring mail         |       |    16 |       ||    16
       Scale mail        |       |     4 |    13 ||    17
Dodge: Dodged            |    29 |    90 |    16 ||   135
